 Dungeon Crawl Stone Soup version 0.30.1-11-g7821555f0a (webtiles) character file.

Game seed: 17825619273199697413

13331 boopmooplesden the Basher (level 11, -2/101 HPs)
             Began as a Minotaur Fighter on Jan 13, 2024.
             Was a High Priest of Trog.
             Slain by Grum
             ... wielding a +0 glaive
              (23 damage)
             ... on level 11 of the Dungeon.
             The game lasted 00:19:36 (9636 turns).

boopmooplesden the Basher (Minotaur Fighter)        Turns: 9636, Time: 00:19:37

Health: -2/101     AC: 19    Str: 25    XL:     11   Next: 74%
Magic:  10/10      EV:  8    Int: 11    God:    Trog [*****.]
Gold:   737        SH:  6    Dex: 13    Spells: 10/10 levels left

rFire   + . .        N - +4 mace of Currency {drain, *Noise Int+6 Dex+3}
rCold   . . .        c - +0 buckler
rNeg    . . .        x - +0 plate armour
rPois   .            (helmet restricted)
rElec   .            n - +1 cloak {rCorr}
rCorr   +            (no gloves)
SInv    .            I - +0 pair of boots
Will    ++...        J - amulet of regeneration Stlth
                     i - ring of protection from fire
HPRegen 2.16/turn    (no ring)
MPRegen 0.12/turn

%: no passive effects
@: strong-willed, on berserk cooldown, regenerating, slowed, very slow
A: horns 2, retaliatory headbutt
a: Renounce Religion, Berserk, Trog's Hand, Brothers in Arms


You were on level 11 of the Dungeon.
You worshipped Trog.
Trog was extremely pleased with you.
You visited 1 branch of the dungeon, and saw 11 of its levels.
You also visited: Bailey.

You collected 737 gold pieces.

Inventory:

Hand Weapons
 h - a +1 heavy broad axe
 u - the +6 hammer of Charity {heavy, Will+ Int+6}
   (You found it on level 4 of the Dungeon)

   Int:       It affects your intelligence (+6).
   Will:      It increases your willpower.
 D - the +10 scimitar of the Sky {freeze, Str+3 Int+2}
   (You found it on level 6 of the Dungeon)

   Str:       It affects your strength (+3).
   Int:       It affects your intelligence (+2).
 N - the +4 mace of Currency (weapon) {drain, *Noise Int+6 Dex+3}
   (You took it off an orc warrior in a bailey)

   Int:       It affects your intelligence (+6).
   Dex:       It affects your dexterity (+3).
   *Noise:    It may make noises in combat.
Missiles
 q - 6 javelins (quivered)
 K - 4 silver javelins
 L - 8 atropa-tipped darts
Armour
 b - a +0 scale mail
 c - a +0 buckler (worn)
 n - a +1 cloak of preservation (worn)
 w - a +0 cloak
 x - a +0 plate armour (worn)
 I - a +0 pair of boots (worn)
Jewellery
 a - a ring of ice
 f - a ring of fire
 i - a ring of protection from fire (left hand)
 J - an amulet of regeneration (around neck)
 M - a ring of ice
Wands
 p - a wand of iceblast (9)
 v - a wand of quicksilver (7)
 H - a wand of charming (6)
Scrolls
 j - 2 scrolls of teleportation
 y - 2 scrolls of blinking
 A - a scroll of identify
 B - 2 scrolls of magic mapping
 G - 3 scrolls of fear
Potions
 d - 3 potions of might
 e - 8 potions of haste
 g - 2 potions of cancellation
 k - 5 potions of brilliance
 l - 4 potions of attraction
 m - a potion of mutation {unknown}
 o - 2 potions of lignification
 r - a potion of invisibility {unknown}
 s - a potion of ambrosia {unknown}
 t - a potion of magic {unknown}
 z - a potion of flight {unknown}
 C - 3 potions of curing
 E - a potion of resistance {unknown}
 F - a potion of degeneration {unknown}


   Skills:
 + Level 10.4 Fighting
 + Level 4.3 Long Blades
 + Level 6.9(10.6) Axes
 + Level 12.5(13.2) Maces & Flails
 + Level 11.5 Armour
 + Level 2.8 Dodging
 + Level 1.2 Stealth
 + Level 9.2 Shields
 + Level 0.5 Evocations


You had 10 spell levels left.
You didn't know any spells.
Your spell library contained the following spells:

 Spells                   Type           Power      Damage    Failure   Level
 Freeze                   Ice            0%         1d3       98%         1
 Dazzling Flash           Conj/Hex       0%         N/A       100%        3
 Frozen Ramparts          Ice            0%         1d1       100%        3
 Hailstorm                Conj/Ice       0%         3d3       100%        3
 Agony                    Necr           0%         N/A       100%        5
 Silence                  Hex/Air        0%         N/A       100%        5


Dungeon Overview and Level Annotations

Branches:
Dungeon (11/15)            Temple (0/1) D:7            Lair (0/5) D:9
 Bailey (visited)
    Orc: D:9-12

Altars:
Qazlal
Trog
Yredelemnul
The Shining One

Shops:
D:10 *

Annotations:
D:3 Ijyb
D:11 Grum


Innate Abilities, Weirdness & Mutations

You have a pair of horns on your head.
You reflexively headbutt those who attack you in melee.


Message History

You block the wolf's attack.
You completely miss the wolf.
The wolf is heavily wounded.
The wolf bites you but does no damage.
Grum hits you from afar with a +0 glaive!!
* * * LOW HITPOINT WARNING * * *
You block the wolf's attack. Grum closely misses you.
The wolf bites you but does no damage.
Your skin crawls.
You feel strong-willed. The wolf bites you but does no damage.
Grum barely misses you. The wolf bites you but does no damage.
You block the wolf's attack. The wolf bites you but does no damage.
Grum hits you but does no damage. You block the wolf's attack.
Things that are here:
a +0 dagger; 3 poisoned darts; a kobold corpse The wolf closely misses you.
The wolf pauses to sniff the ground.
You block the wolf's attack.
Grum hits you from afar with a +0 glaive!
* * * LOW HITPOINT WARNING * * *
The wolf barely misses you. You furiously retaliate!
You headbutt the wolf. You block the wolf's attack.
The wolf bites you but does no damage. x2; You block Grum's attack.
The wolf barely misses you.
Grum hits you from afar with a +0 glaive!
* * * LOW HITPOINT WARNING * * *
The wolf attacks as you move away! You block the wolf's attack.
The wolf bites you but does no damage. The wolf bites you but does no damage.
You block the wolf's attack. You block the wolf's attack.
The wolf bites you but does no damage.
Grum hits you from afar with a +0 glaive.
* * * LOW HITPOINT WARNING * * *
Items here: ( ))).
You block the wolf's attack. The wolf barely misses you.
Grum hits you but does no damage.
Okay, then.
You feel better.
The wolf bites you but does no damage. x2
Grum hits you from afar with a +0 glaive!!
You die...

..##.### .#
......# ..#
#...(.## ##
...#...... .#
#.#.....#####?####
#.......##.......#
#......##.......#
#..#)).##.......#
#.)))..###@#
#.††....##h#
#.......#g.#
#.........##
##.....####
##...)...#
######........#
..............#
.......#.....##


You could see Grum and a wolf (drained).

Vanquished Creatures
  A two-headed ogre (D:11)
  A gargoyle (D:7)
  Maggie (D:6)
  Psyche (D:8)
  A rime drake (D:9)
  A kobold demonologist (D:11)
  4 hornets
  A polar bear (D:9)
  Sigmund (D:3)
  A shadow (D:10)
  2 wyverns (D:9)
  9 yaks
  Eustachio (D:6)
  A steam dragon (D:9)
  4 vampire mosquitoes (D:11)
  Edmund (D:6)
  6 water moccasins
  10 orc warriors
  6 ice beasts
  3 sky beasts
  3 black bears
  2 ogres
  4 wolves
  5 centaurs
  2 phantoms
  17 kobold brigands
  A bullfrog (D:7)
  A gnoll sergeant (D:6)
  4 scorpions
  18 wights
  4 killer bees (D:11)
  3 electric eels (D:10)
  3 hounds
  A jelly (D:6)
  3 orc priests
  4 gnoll boudas
  3 sleepcaps
  Crazy Yiuf (D:4)
  Natasha (D:3)
  2 iguanas
  Terence (D:2)
  11 orc wizards
  4 adders
  12 gnolls
  3 white imps
  2 ufetubi (D:6)
  A worm (D:3)
  2 dart slugs (D:3)
  27 orcs
  11 bats
  2 endoplasms
  6 giant cockroaches
  10 goblins
  3 hobgoblins
  7 jackals
  38 kobolds
  3 quokkas
  6 ball pythons
  3 frilled lizards
  3 rats
293 creatures vanquished.

Notes
Turn   | Place    | Note
-------+----------+-------------------------------------------
     0 | D:1      | boopmooplesden the Minotaur Fighter began the quest for the
                  | Orb.
     0 | D:1      | Reached XP level 1. HP: 19/19 MP: 0/0
   413 | D:1      | Reached XP level 2. HP: 27/27 MP: 1/1
  1041 | D:2      | Reached XP level 3. HP: 23/33 MP: 2/2
  1082 | D:2      | Found a bloodstained altar of Trog.
  1092 | D:2      | Became a worshipper of Trog the Wrathful
  1113 | D:2      | Noticed Terence
  1119 | D:2      | Killed Terence
  1182 | D:2      | Reached XP level 4. HP: 40/41 MP: 3/3
  1879 | D:3      | Reached * piety under Trog
  1887 | D:3      | Reached XP level 5. HP: 47/47 MP: 4/4
  1906 | D:3      | Noticed Ijyb
  2114 | D:3      | Noticed Natasha
  2115 | D:3      | You fall into a shaft and drop 1 floor!
  2228 | D:4      | Reached skill level 5 in Fighting
  2228 | D:4      | Reached skill level 1 in Dodging
  2237 | D:4      | Reached skill level 5 in Armour
  2312 | D:4      | Reached XP level 6. HP: 48/56 MP: 5/5
  2494 | D:4      | Reached skill level 5 in Axes
  2861 | D:4      | Identified the +6 hammer of Charity {heavy, Will+ Int+6}
  2871 | D:4      | Found a runed translucent door.
  2872 | D:4      | Noticed Crazy Yiuf
  2877 | D:4      | Killed Crazy Yiuf
  3101 | D:3      | Killed Natasha
  3110 | D:3      | Identified the +4 dagger of Impeachment {holy, rF+ rC+++
                  | rCorr Str-3}
  3221 | D:3      | Noticed Sigmund
  3223 | D:3      | Killed Sigmund
  3224 | D:3      | Reached skill level 1 in Maces & Flails
  3224 | D:3      | Reached XP level 7. HP: 57/61 MP: 6/6
  3316 | D:5      | Entered Level 5 of the Dungeon
  3483 | D:5      | Reached skill level 2 in Maces & Flails
  3491 | D:5      | Reached ** piety under Trog
  3833 | D:5      | Reached XP level 8. HP: 70/70 MP: 7/7
  4133 | D:6      | Reached skill level 3 in Maces & Flails
  4133 | D:6      | Reached skill level 5 in Shields
  4209 | D:6      | Reached skill level 4 in Maces & Flails
  4314 | D:6      | Noticed Maggie
  4333 | D:6      | Reached skill level 5 in Maces & Flails
  4344 | D:6      | HP: 1/71 [Maggie/+0 heavy broad axe (19)]
  4350 | D:6      | Killed Maggie
  4351 | D:6      | Reached skill level 6 in Maces & Flails
  4534 | D:6      | Reached XP level 9. HP: 51/78 MP: 8/8
  4662 | D:6      | Noticed Eustachio
  4664 | D:6      | Noticed Edmund
  4672 | D:6      | Killed Eustachio
  4678 | D:6      | Killed Edmund
  4679 | D:6      | Reached skill level 7 in Maces & Flails
  4993 | D:6      | Identified the +10 scimitar of the Sky {freeze, Str+3
                  | Int+2}
  5339 | D:7      | Reached *** piety under Trog
  5349 | D:7      | Reached skill level 8 in Maces & Flails
  5362 | D:7      | Reached skill level 1 in Long Blades
  5421 | D:7      | Reached skill level 1 in Stealth
  5516 | D:7      | Found a staircase to the Ecumenical Temple.
  5600 | D:7      | Found a basalt altar of Yredelemnul.
  5702 | D:7      | Reached XP level 10. HP: 54/89 MP: 9/9
  5736 | D:7      | Found a flagged portal.
  5741 | Bailey   | Entered a bailey
  6036 | Bailey   | Reached skill level 9 in Maces & Flails
  6047 | Bailey   | Identified the +4 mace of Currency {drain, *Noise Int+6
                  | Dex+3}
  6212 | Bailey   | Found a bloodstained altar of Trog.
  6688 | D:7      | Noticed a gargoyle
  6697 | D:7      | Killed a gargoyle
  6769 | D:7      | Found a stormy altar of Qazlal.
  6781 | D:7      | Found a glowing golden altar of the Shining One.
  6960 | D:8      | Noticed Psyche
  6973 | D:8      | Killed Psyche
  6973 | D:8      | Reached **** piety under Trog
  6974 | D:8      | Reached skill level 10 in Armour
  7297 | D:8      | Reached skill level 10 in Maces & Flails
  7681 | D:9      | Reached XP level 11. HP: 97/97 MP: 10/10
  7742 | D:9      | Reached skill level 11 in Maces & Flails
  7791 | D:9      | Found a staircase to the Lair.
  8018 | D:9      | Reached skill level 10 in Fighting
  8231 | D:10     | Entered Level 10 of the Dungeon
  8401 | D:10     | Found Pypo's Lightly-Used Armoury.
  8770 | D:10     | Reached ***** piety under Trog
  9101 | D:10     | Reached skill level 12 in Maces & Flails
  9582 | D:11     | Noticed a two-headed ogre
  9601 | D:11     | Killed a two-headed ogre
  9615 | D:11     | Noticed Grum
  9636 | D:11     | Slain by Grum

Illustrated notes

Levels and vault maps discovered:
D:1:      erik_arrival_orb_chamber, layout_basic
D:2:      layout_loops_ring, basic_altar, uniq_terence
D:3:      layout_basic, uniq_sigmund, uniq_natasha, uniq_ijyb
D:4:      layout_loops_ring, uniq_crazy_yiuf_cottage
D:5:      layout_loops_ring, item_on_display_b
D:6:      layout_loops_ring, grunt_ministairs_5, grunt_decor_cap, uniq_edmund,
          uniq_eustachio, uniq_maggie
D:7:      minmay_octagon_keep, layout_cave_pools, mainiacjoe_overflow_swirl,
          minmay_temple_entry_nine_rooms, enter_bailey_3, minmay_ruined_shrine
D:8:      layout_loops_ring, abandoned_shop, uniq_psyche
D:9:      layout_rooms, hellmonk_lair_entry_icy
D:10:     layout_irregular_city, serial_shops, shop, minmay_shop_damaged,
          serial_bayou_lake_a
D:11:     layout_rooms, gauntlet_entry_generic, lightli_church_of_beogh,
          uniq_grum

Skill      XL: |  1  2  3  4  5  6  7  8  9 10 11 |
---------------+----------------------------------+-----
Armour         | 4 5 6 7 8 10 11 | 11.5
Fighting       | 4 5 6 8 9 10 | 10.4
Axes           | 3 4 5 6 |  6.9
Shields        | 4 5 6 8 9 |  9.2
Dodging        | 1 2 |  2.8
Maces & Flails | 1 2 6 8 10 12 | 12.5
Long Blades    | 3 4 |  4.3
Stealth        | 1 |  1.2
Evocations     | |  0.5

Action                     |  1- 3 |  4- 6 |  7- 9 | 10-12 || total
---------------------------+-------+-------+-------+-------++-------
  Melee: War axe           |    68 |   112 |       |       ||   180
         Headbutt          |    11 |    22 |    28 |    77 ||   138
         Mace              |       |    15 |   126 |   418 ||   559
         Scimitar          |       |       |    60 |       ||    60
         Dagger            |       |       |     2 |       ||     2
  Throw: Throwing net      |       |       |     1 |       ||     1
 Invoke: Berserk           |       |     1 |     4 |     5 ||    10
         Trog's Hand       |       |       |     2 |     3 ||     5
  Evoke: Wand              |       |       |       |     3 ||     3
    Use: Scroll            |     3 |     1 |     8 |     8 ||    20
         Potion            |       |       |     5 |     3 ||     8
 Armour: Scale mail        |    38 |    60 |       |       ||    98
         Plate armour      |       |     3 |   137 |   241 ||   381
  Dodge: Dodged            |    31 |    65 |    98 |   192 ||   386
  Block: Buckler           |    21 |    22 |    63 |   145 ||   251
